 Dungeon Crawl Stone Soup version 0.20-a0-2-g2b0e13a (webtiles) character file.

59 JeffiDaFish the Covered (level 4, -3/40 HPs)
             Began as a Hill Orc Fighter on Oct 28, 2016.
             Was an Initiate of Beogh.
             Killed by divine providence
             ... invoked by an orc priest
              (17 damage)
             ... on level 3 of the Dungeon.
             The game lasted 00:04:10 (1538 turns).

JeffiDaFish the Covered (Hill Orc Fighter)          Turns: 1538, Time: 00:04:10

Health: -3/40      AC:  9    Str: 17 (19) XL:     4   Next: 3%
Magic:  4/4        EV:  4    Int:  8      God:    Beogh [......]
Gold:   154        SH:  8    Dex:  7 (10) Spells: 0 memorised, 3 levels left

rFire  . . .     SeeInvis .     a - +2 war axe
rCold  . . .     Gourm    .     g - +0 chain mail
rNeg   . . .     Faith    .     c - +0 shield
rPois  .         Spirit   .     (no helmet)
rElec  .         Reflect  .     (no cloak)
rCorr  .         Harm     .     (no gloves)
MR     .....                    (no boots)
Stlth  ..........               (no amulet)
                                (no ring)
                                (no ring)

@: slowed, drained, very slow
A: no striking features
a: Renounce Religion


You were on level 3 of the Dungeon.
You worshipped Beogh.
Beogh was noncommittal.
You were not hungry.

You visited 1 branch of the dungeon, and saw 3 of its levels.

You collected 154 gold pieces.

Inventory:

Hand Weapons
 a - a +2 war axe (weapon)
Armour
 c - a +0 shield (worn)
 g - a +0 chain mail (worn)
Potions
 d - a potion of might
Comestibles
 b - a chunk of flesh
 f - a bread ration
 h - a meat ration
 i - a slice of pizza


   Skills:
 + Level 3.9(3.4) Fighting
 + Level 3.6(3.0) Axes
 + Level 4.0(3.4) Armour
 + Level 0.1(0.0) Dodging
 + Level 4.0(3.4) Shields


You had 3 spell levels left.
You didn't know any spells.

Dungeon Overview and Level Annotations

Branches:
Dungeon (3/15)

Altars:
Qazlal


Message History

The orc wizard seems to speed up.
A hobgoblin comes into view. It is wielding a club.
The hobgoblin shouts!
You closely miss the orc wizard.
The orc wizard is almost dead.
You hit the orc but do no damage. The orc wizard hits you with a dagger.
The orc hits you with a flail of draining.
You feel drained.
The orc wizard points at you and mumbles some strange words.
You feel yourself slow down.
Your chain mail prevents you from hitting the orc.
The orc is severely wounded.
You closely miss the orc wizard.
The orc wizard gestures wildly while chanting.
The orc wizard blinks!
You block the orc's attack.
The orc wizard casts a spell.
The orc priest invokes the aid of Beogh against you.
Beogh smites you!
You die...
Beogh appreciates the orc priest's killing of a heretic priest.

#...... ....... .o....
#...#. ....... .....
#.....#........ ....
##.............. ... $.
#.....####..# ao#.##
#.....#....#
.r..###........... #.
#oo..##.....#..... #.
###@##..............
..#...###.......#....#
#.#.####...#..##.....#
#.#.#....#.#.).#......
####.....####..#.....##..
#......#######.##.##.....
#.##...>.....#.##........
.. #.................#...
#.........##..#####...


You could see a worker ant, an orc priest, an orc wizard, 2 orcs and a rat.

Vanquished Creatures
  2 adders (D:3)
  A worm (D:3)
  2 leopard geckos
  An orc (D:3)
  6 goblins
  5 hobgoblins
  4 jackals (D:3)
  2 quokkas
  2 bats
  2 kobolds
  6 rats
33 creatures vanquished.

Vanquished Creatures (others)
  An orc (D:3)
  A hobgoblin (D:3)
2 creatures vanquished.

Grand Total: 35 creatures vanquished

Notes
Turn   | Place    | Note
-------+----------+-------------------------------------------
     0 | D:1      | JeffiDaFish the Hill Orc Fighter began the quest for the Orb.
     0 | D:1      | Reached XP level 1. HP: 19/19 MP: 1/1
   129 | D:1      | Reached XP level 2. HP: 27/27 MP: 2/2
   980 | D:2      | Reached XP level 3. HP: 30/33 MP: 3/3
  1016 | D:2      | Found a stormy altar of Qazlal.
  1120 | D:3      | Became a worshipper of Beogh the Brigand
  1274 | D:3      | Reached XP level 4. HP: 15/40 MP: 4/4
  1538 | D:3      | Killed from afar by an orc priest

Vault maps used:
D:1:      dpeg_arrival_castle, kennysheep_decorative_pillar
D:2:      nicolae_qazlal_eye_of_the_storm
D:3:      lemuel_doored_altar, ecumenical_altar_2, first_bread

Skill      XL: |  1  2  3  4 |
---------------+-------------+-----
Axes           | 3 |  3.6
Armour         | 4 |  4.0
Shields        | 4 |  4.0
Fighting       | |  3.9
Dodging        | |  0.1

Action                   |  1- 3 |  4- 6 || total
-------------------------+-------+-------++-------
Melee: War axe           |   114 |    18 ||   132
Invok: Convert to Beogh  |     1 |       ||     1
  Use: Potion            |     6 |       ||     6
       Scroll            |     6 |       ||     6
  Eat: Chunk             |     1 |     1 ||     2
Armor: Chain mail        |    91 |     7 ||    98
Dodge: Dodged            |    17 |     4 ||    21
Block: Shield            |    61 |    12 ||    73
